cohdb
Replays
Latest Replays
All Replays
Popular Replays
Top Player Replays
Match Explorer
How It Works
Community
CoH3 Stats
Reddit
Sign in to upload your games and track your stats! →
Sign in with Steam
Match 37786776
Unlisted
Match 37786776
Overview
Messages
Build Orders
End
Selects Italian Combined Arms Battlegroup
Selects Bersaglieri Squad
Bersaglieri Squad
250 Light Carrier
Bersaglieri Squad
Construct Light Support Kompanie
Bersaglieri Squad
2.5-tonne Medical Truck
Fire Support Elements
Combat Half-tracks
Pak 38 Mechanized Group
Flakvierling Half-track
Vehicle Survival Package
Selects Semovente da 75/18 Assault Gun
Selects Carro Armato M13/40 Light Tank
Carro Armato M13/40 Light Tank
le.IG 18 Mechanized Group
Carro Armato M13/40 Light Tank
Flakvierling Half-track
Bersaglieri Squad
Semovente da 75/18 Assault Gun
UH|dun! ツ
insane
iceman
Rogozilla
Potatohalbe
[NiP] SimplyBest
0
0
Comments
sign in to comment!
No comments posted yet!